 Dungeon Crawl Stone Soup version 0.25.1-9-gc5326a611f (webtiles) character file.

Game seed: 18389837506429367593

15357 Clowwww the Basher (level 12, -1/126 HPs)
             Began as an Ogre Fighter on Jan 4, 2021.
             Slain by a six-headed hydra (7 damage)
             ... on level 1 of the Lair of Beasts.
             The game lasted 00:36:32 (13485 turns).

Clowwww the Basher (Ogre Fighter)                  Turns: 13485, Time: 00:36:33

Health: -1/126     AC: 15    Str: 25    XL:     12   Next: 26%
Magic:  0/12       EV:  9    Int:  9    God:
Gold:   624        SH:  0    Dex: 10    Spells: 11/11 levels left

rFire    x . .     SeeInvis .   d - +1 giant spiked club
rCold    + + .     Gourm    .   (shield currently unavailable)
rNeg     . . .     Faith    .   c - +4 ice dragon scales
rPois    .         Spirit   +   u - +0 hat
rElec    .         Reflect  .   (no cloak)
rCorr    .         Harm     .   (gloves unavailable)
MR       ++...                  (boots unavailable)
Stlth    ++........             z - amulet of guardian spirit
HPRegen  0.31/turn              k - ring of stealth
MPRegen  0.13/turn              x - ring of protection from magic

@: very slightly contaminated, invisible
A: large, unfitting armour, tough skin 1
a: no special abilities


You were on level 1 of the Lair of Beasts.
You were hungry.

You visited 3 branches of the dungeon, and saw 13 of its levels.

You collected 624 gold pieces.

Inventory:

Hand Weapons
 d - a +1 giant spiked club (weapon)
 E - the +4 battleaxe of Ru's Grace {protect, rElec rPois Dex+4}
   (You found it on level 8 of the Dungeon)

   It grants its wielder temporary protection when it strikes (+7 to AC).
   It affects your dexterity (+4).
   It insulates you from electricity.
   It protects you from poison.
Missiles
 C - 7 boomerangs (quivered)
Armour
 c - +4 ice dragon scales (worn)
 q - a +2 robe of positive energy
 u - a +0 hat (worn)
Jewellery
 g - an uncursed amulet of faith
 k - a ring of stealth (left hand)
 x - a ring of protection from magic (right hand)
 z - an amulet of guardian spirit (around neck)
Wands
 j - a wand of paralysis (3)
 l - a wand of clouds (5)
 y - a wand of polymorph (27)
 A - a wand of iceblast (11)
 D - a wand of disintegration (16)
Scrolls
 a - 2 scrolls of teleportation
 b - 2 scrolls of amnesia
 o - a scroll of immolation
 v - a scroll of remove curse
Potions
 e - 2 potions of cancellation
 h - a potion of flight
 i - 2 potions of mutation
 m - 2 potions of lignification
 r - a potion of ambrosia
 s - a potion of stabbing {unknown}
 t - 4 potions of resistance
 w - a potion of degeneration {unknown}
 B - 3 potions of magic
 G - a potion of curing {unknown}
Comestibles
 f - 34 rations
 p - 6 chunks of flesh


   Skills:
 + Level 10.0 Fighting
 + Level 10.3(12.5) Axes
 * Level 11.1(12.4) Maces & Flails
 + Level 2.2 Throwing
 + Level 4.3 Armour
 + Level 5.2 Dodging
 + Level 3.6 Stealth
   Level 3.5 Shields


You had 11 spell levels left.
You didn't know any spells.
Your spell library contained the following spells:

 Spells                   Type           Power        Failure   Level  Hunger
 Foxfire                  Conj/Fire      #...         73%         1    ##.....
 Sting                    Tmut/Pois      #...         73%         1    ##.....
 Poisonous Vapours        Pois/Air       #.....       86%         2    ###....
 Conjure Flame            Conj/Fire      #.......     97%         3    ####...
 Ignite Poison            Fire/Tmut/Pois #.......     97%         3    ####...
 Inner Flame              Hex/Fire       #.......     97%         3    ####...
 Mephitic Cloud           Conj/Pois/Air  #.......     97%         3    ####...
 Olgreb's Toxic Radiance  Pois           #.......     100%        4    #####..
 Sticky Flame             Conj/Fire      #.......     100%        4    #####..
 Fireball                 Conj/Fire      #.........   100%        5    ######.
 Freezing Cloud           Conj/Ice/Air   #.........   100%        6    #######
 Ring of Flames           Chrm/Fire      #.........   100%        7    #######


Dungeon Overview and Level Annotations

Branches:
Dungeon (11/15)            Temple (1/1) D:5            Lair (1/6) D:10
    Orc (0/2) D:9

Altars:
Ashenzari
Cheibriados
Dithmenos
Elyvilon
Fedhas
Gozag
Hepliaklqana
Kikubaaqudgha
Makhleb
Nemelex Xobeh
Okawaru
Qazlal
Ru
Sif Muna
Trog
Uskayaw
Vehumet
Wu Jian
Xom
Yredelemnul
Zin
The Shining One
Beogh

Shops:
D:5 }   D:9 [*

Annotations:
D:6 1 runed translucent door


Innate Abilities, Weirdness & Mutations

You are too large for most types of armour.
You have tough skin. (AC +1)


Message History

The six-headed hydra bites you!
* * * LOW HITPOINT WARNING * * *
The six-headed hydra bites you but does no damage. x2
The six-headed hydra barely misses you. The six-headed hydra bites you!
* * * LOW HITPOINT WARNING * * *
You are very lightly contaminated with residual magic.
You are feeling hungry.
Your ice dragon scales prevents you from hitting the six-headed hydra.
The six-headed hydra is moderately wounded.
The six-headed hydra barely misses you. The six-headed hydra bites you.
* * * LOW HITPOINT WARNING * * *
The six-headed hydra bites you but does no damage. x4
You crush the six-headed hydra like a grape!!!
The six-headed hydra is severely wounded.
The six-headed hydra bites you.
* * * LOW HITPOINT WARNING * * *
The six-headed hydra bites you.
* * * LOW HITPOINT WARNING * * *
The six-headed hydra bites you!
You die...

......... ...........
.........# .....^...##
## .........##..##
##.............
#....##D...≈≈≈.
#.##≈#@...≈#≈ ###
#.#.#.....≈§≈. #######.#
#...÷.........
#.§.....#####...#...##..
.§§≈≈≈§.........##.8.# .
.§≈§##≈§..............#
.§§##≈§.........#8.>.8.#
#.≈###≈.........#.....##
#.≈≈≈≈≈..###.##.# ...##


You could see a six-headed hydra.

Vanquished Creatures
  Josephine (D:11)
  Erica (D:9)
  2 unseen horrors (D:11)
  An oklob plant (D:8)
  A cyclops (D:8)
  Joseph (D:7)
  A gargoyle (D:11)
  A komodo dragon (Lair:1)
  A rime drake (Lair:1)
  2 polar bears (D:8)
  3 trolls
  2 hornets (D:8)
  Prince Ribbit (D:9)
  5 hippogriffs
  3 dream sheep (D:8)
  A spriggan (D:7)
  4 wraiths (D:11)
  A yak (D:9)
  Grum (D:9)
  2 soldier ants (D:6)
  A water moccasin (D:8)
  7 black bears (D:8)
  4 orc warriors
  4 ice beasts
  A sky beast (D:10)
  A necrophage (D:9)
  10 ogres
  An eye of draining (D:10)
  4 phantoms
  4 wolves
  A crocodile (Lair:1)
  3 centaurs
  A big kobold (D:7)
  Blork the orc (D:9)
  5 bullfrogs
  6 scorpions
  4 killer bees
  An oklob sapling (D:8)
  3 wights (D:9)
  2 centaur zombies
  4 crimson imps
  A lava snake (Lair:1)
  A bullfrog zombie (D:6)
  A quasit (D:10)
  4 jellies
  A bullfrog skeleton (D:8)
  3 hounds
  9 orc priests
  8 orc wizards
  2 centaur skeletons
  Jessica (D:3)
  4 iguanas
  Natasha (D:3)
  13 worker ants
  A killer bee zombie (D:7)
  2 hound skeletons
  A worker ant zombie (D:9)
  A mummy (D:7)
  A howler monkey skeleton (D:11)
  12 adders
  6 shadow imps
  4 oozes
  2 adder zombies
  3 worms
  A dart slug (D:3)
  3 leopard geckos
  33 orcs
  11 ball pythons
  8 giant cockroaches
  9 goblins
  7 hobgoblins
  11 jackals
  10 kobolds
  4 quokkas
  3 bats
  6 frilled lizards
  6 rats
  A plant (D:8)
298 creatures vanquished.

Vanquished Creatures (others)
  2 bullfrogs (D:8)
  A scorpion (D:8)
  An adder (D:8)
  An orc (D:8)
  A bush (D:8)
  A fungus (Lair:1)
  A plant (D:8)
8 creatures vanquished.

Grand Total: 306 creatures vanquished

Notes
Turn   | Place    | Note
-------+----------+-------------------------------------------
     0 | D:1      | Clowwww the Ogre Fighter began the quest for the Orb.
     0 | D:1      | Reached XP level 1. HP: 24/24 MP: 1/1
   101 | D:1      | Reached XP level 2. HP: 26/32 MP: 2/2
   718 | D:2      | Reached XP level 3. HP: 40/40 MP: 3/3
   732 | D:2      | Found a sacrificial altar of Ru.
   817 | D:2      | Found a faded altar of an unknown god.
   966 | D:2      | Found a glowing golden altar of the Shining One.
  1435 | D:3      | Reached XP level 4. HP: 49/49 MP: 4/4
  1557 | D:3      | Noticed Jessica
  1572 | D:3      | Killed Jessica
  1830 | D:3      | Reached XP level 5. HP: 41/55 MP: 5/5
  2107 | D:3      | Noticed Natasha
  2114 | D:3      | Killed Natasha
  2319 | D:4      | Reached XP level 6. HP: 46/65 MP: 6/6
  2560 | D:4      | Reached skill level 5 in Fighting
  2560 | D:4      | Reached skill level 1 in Stealth
  2628 | D:4      | Reached skill level 5 in Axes
  2767 | D:4      | Reached XP level 7. HP: 37/72 MP: 7/7
  3017 | D:4      | Reached skill level 1 in Maces & Flails
  3628 | D:5      | Entered Level 5 of the Dungeon
  3677 | D:5      | Reached skill level 2 in Maces & Flails
  3757 | D:5      | Reached skill level 3 in Maces & Flails
  4016 | D:5      | Found Tenavioss's Gadget Shop.
  4083 | D:5      | Reached XP level 8. HP: 67/81 MP: 8/8
  4085 | D:5      | Reached skill level 4 in Maces & Flails
  4242 | D:5      | Found a staircase to the Ecumenical Temple.
  4287 | Temple   | Entered the Ecumenical Temple
  4838 | D:5      | Reached skill level 5 in Maces & Flails
  5056 | D:6      | Found a runed translucent door.
  5161 | D:6      | Found a runed translucent door.
  5186 | D:6      | Reached skill level 6 in Maces & Flails
  5534 | D:6      | Reached XP level 9. HP: 92/92 MP: 9/9
  5540 | D:6      | Identified a scroll of acquirement
  5540 | D:6      | Acquired +0 ice dragon scales
  5563 | D:6      | Found a burning altar of Makhleb.
  5582 | D:6      | Found a stormy altar of Qazlal.
  5852 | D:6      | Found a white marble altar of Elyvilon.
  5852 | D:6      | Found an ornate altar of the Wu Jian Council.
  6043 | D:6      | Reached skill level 7 in Maces & Flails
  6581 | D:7      | Found a snail-covered altar of Cheibriados.
  7604 | D:8      | Noticed Joseph
  7625 | D:7      | Killed Joseph
  7625 | D:7      | Reached skill level 8 in Maces & Flails
  7625 | D:7      | Reached skill level 1 in Armour
  8026 | D:8      | Found a shimmering altar of Xom.
  8233 | D:8      | Noticed Erica
  8244 | D:8      | Noticed a cyclops
  8254 | D:9      | Killed Erica
  8254 | D:9      | Reached skill level 9 in Maces & Flails
  8254 | D:9      | Reached skill level 1 in Throwing
  8254 | D:9      | Reached XP level 10. HP: 54/102 MP: 7/10
  8606 | D:8      | Killed a cyclops
  8665 | D:8      | Got an ivory battleaxe
  8666 | D:8      | Identified the +4 battleaxe of Ru's Grace {protect, rElec
                  | rPois Dex+4} (You found it on level 8 of the Dungeon)
  8773 | D:8      | Found a huge runed translucent gate.
  8773 | D:8      | Found a huge runed translucent gate.
  8773 | D:8      | Found a huge runed translucent gate.
  8780 | D:8      | Found a huge runed translucent gate.
  8810 | D:8      | Reached XP level 11. HP: 21/113 MP: 3/11
  9184 | D:8      | Found a burning altar of Makhleb.
  9359 | D:8      | Found a blossoming altar of Fedhas.
  9450 | D:8      | Noticed an oklob plant
  9462 | D:8      | Killed an oklob plant
  9462 | D:8      | Reached skill level 5 in Dodging
  9667 | D:9      | Noticed Blork the orc
  9681 | D:9      | Killed Blork the orc
  9683 | D:9      | Found a shimmering blue altar of Sif Muna.
  9823 | D:9      | Found a staircase to the Orcish Mines.
  9852 | D:9      | Found a roughly hewn altar of Beogh.
 10200 | D:9      | Found Habbiner's Armour Shoppe.
 10447 | D:9      | Found Womuampo's General Store.
 10451 | D:9      | Noticed Prince Ribbit
 10495 | D:9      | Noticed Grum
 10508 | D:9      | Killed Grum
 11012 | D:9      | Killed Prince Ribbit
 11273 | D:10     | Entered Level 10 of the Dungeon
 11297 | D:10     | Reached skill level 10 in Maces & Flails
 11613 | D:11     | Noticed Josephine
 11631 | D:11     | Killed Josephine
 12011 | D:11     | Killed an unseen horror
 12011 | D:11     | Reached skill level 10 in Axes
 12116 | D:11     | Killed an unseen horror
 12235 | D:11     | Reached XP level 12. HP: 110/126 MP: 12/12
 13031 | D:10     | Reached skill level 11 in Maces & Flails
 13186 | D:10     | Reached skill level 10 in Fighting
 13279 | D:10     | Found a staircase to the Lair.
 13285 | Lair:1   | Entered Level 1 of the Lair of Beasts
 13474 | Lair:1   | Noticed a six-headed hydra
 13485 | Lair:1   | HP: 6/126 [six-headed hydra (3)]
 13485 | Lair:1   | Slain by a six-headed hydra

Illustrated notes

Levels and vault maps discovered:
D:1:      minmay_arrival_shoal_huts, layout_basic
D:2:      layout_basic, nicolae_tso_swordbearing_angel, lemuel_doored_altar,
          chequers_ecumenical_altar_simple_redux, minmay_worlds_worst_comb
D:3:      layout_basic, minmay_misc_feat_more_columns, uniq_jessica,
          uniq_natasha
D:4:      layout_cave_pools, first_ration, minmay_puff
D:5:      layout_gridville, temple_pool_b, serial_shops, shop,
          serial_bayou_lagoon_a
D:6:      lemuel_insect_pit, layout_loops_ring, grunt_qazlal_clouds,
          gammafunk_temple_overflow_elements, bloody_makhleb
D:7:      layout_layer_cave, the_bakery, chei_slow_surprise
D:8:      lemuel_bear_cage, layout_cave_pools, kennysheep_little_box,
          xom_confusion_cloud, introduction_to_nature_2, uniq_joseph, uniq_erica
D:9:      minmay_thinvault, layout_basic, minmay_orc_entry_temple_small,
          serial_shops, shop, shop_fountains, tgw_sif, uniq_prince_ribbit1,
          uniq_grum
D:10:     layout_loops_cross, lair_entry_dummy, evilmike_butchery
D:11:     layout_basic, uniq_josephine, uniq_psyche
Temple:   regret_index_temple_waves
Lair:1:   layout_gridlike, grunt_megastairs_1

Skill      XL: |  1  2  3  4  5  6  7  8  9 10 11 12 |
---------------+-------------------------------------+-----
Dodging        | 3 4 5 |  5.2
Shields        | 3 |  3.5
Axes           | 3 4 5 7 10 | 10.3
Fighting       | 5 6 7 8 9 10 | 10.0
Stealth        | 1 2 3 |  3.6
Maces & Flails | 3 6 9 10 11 | 11.1
Armour         | 1 2 3 4 |  4.3
Throwing       | 1 2 |  2.2

Action                   |  1- 3 |  4- 6 |  7- 9 | 10-12 || total
-------------------------+-------+-------+-------+-------++-------
Melee: War axe           |    98 |   105 |    34 |       ||   237
       Giant club        |       |    20 |   298 |    11 ||   329
       Battleaxe         |       |       |       |   222 ||   222
       Giant spiked club |       |       |       |   225 ||   225
Throw: Boomerang         |       |       |    15 |    29 ||    44
  Use: Scroll            |       |     5 |    12 |    11 ||    28
       Potion            |       |       |     2 |    12 ||    14
 Stab: Sleeping          |     3 |     4 |     5 |     3 ||    15
       Invisible         |       |       |       |    14 ||    14
  Eat: Chunk             |     2 |     4 |    18 |    17 ||    41
Armor: Robe              |    28 |    24 |    55 |       ||   107
       Ice dragon scales |       |       |   113 |   358 ||   471
Dodge: Dodged            |    31 |    57 |   194 |   331 ||   613
Block: Kite shield       |    40 |    48 |       |       ||    88
